[Event "Titled Tuesday Blitz June 13 Early 2023"]
[White "Jiganchine, Roman"]
[Black "Aggelis, Nikolaos"]
[WhiteFideId "2603667"]
[BlackFideId "4213220"]
[WhiteElo "2305"]
[BlackElo "2189"]
[Result "0-1"]
[Round "2"]
[TimeControl "180+2"]
[Date "2023.06.13"]
[WhiteClock "0:00:00"]
[BlackClock "0:01:28"]
[Board "185"]

1. e4 c6 2. d4 d5 3. exd5 cxd5 4. Nf3 Nc6 5. c4 Nf6 6. Nc3 g6 7. cxd5 Nxd5 8. Qb3 Nxc3 9. Bc4 Bg7 10. Bxf7+ Kf8 11. bxc3 Na5 12. Qd5 Qxd5 13. Bxd5 e6 14. Be4 Bd7 15. Ba3+ Ke8 16. Ne5 Bxe5 17. dxe5 Bc6 18. Bxc6+ Nxc6 19. Bd6 h5 20. O-O Rh7 21. Rfe1 Rf7 22. Re4 Rc8 23. Rb1 Na5 24. Bb4 Nc4 25. Rd1 Rf5 26. Rde1 b6 27. h3 a5 28. Bd6 Rc6 29. Rd4 Nxd6 30. exd6 Kd7 31. g4 hxg4 32. Rxg4 g5 33. h4 gxh4 34. Rxh4 Kxd6 35. Re3 Re5 36. Rd4+ Rd5 37. Rde4 e5 38. Kg2 Rdc5 39. a4 Rxc3 40. Rxe5 Rxe3 41. Rxe3 Rc4 42. Ra3 Kc5 43. Kg3 Kb4 44. Ra1 Rc3+ 45. Kg4 Ra3 46. Rb1+ Kc5 47. f4 Rxa4 48. Kg5 Ra2 49. f5 Rg2+ 50. Kh6 Rh2+ 51. Kg7 Rg2+ 52. Kh6 Rf2 53. Kg6 b5 54. f6 b4 55. f7 a4 56. Rc1+ Kb5 57. Re1 Rxf7 58. Kxf7 a3 59. Ke6 a2 60. Kd5 b3 61. Kd4 b2 0-1


[Site "https://www.chess.com"]

[Event "Titled Tuesday Blitz June 13 Early 2023"]
[White "Gomes, Luiz Alexandre de Souza"]
[Black "Gonzalez Vega, Alejandro"]
[WhiteFideId "2102790"]
[BlackFideId "3510042"]
[WhiteElo "2502"]
[BlackElo "2302"]
[Result "1-0"]
[Round "2"]
[TimeControl "180+2"]
[Date "2023.06.13"]
[WhiteClock "0:01:05"]
[BlackClock "0:00:00"]
[Board "186"]

1. e4 c5 2. Nf3 a6 3. c4 d6 4. Nc3 e6 5. d3 Nf6 6. Be2 Nc6 7. O-O Be7 8. a3 O-O 9. Rb1 Rb8 10. b4 cxb4 11. axb4 b5 12. cxb5 axb5 13. d4 d5 14. exd5 Nxd5 15. Nxd5 Qxd5 16. Be3 Rd8 17. Qd2 Bb7 18. Rfd1 Ra8 19. Rb2 Ra4 20. Qd3 Nxb4 21. Qxb5 Qxb5 22. Bxb5 Ra2 23. Rxa2 Nxa2 24. Ne5 Nc3 25. Rc1 Nxb5 26. Rb1 Ba6 27. Nc6 Rd7 28. h3 h6 29. Nb8 Rb7 30. Nxa6 Bf6 31. Nc5 Rb8 32. Nd7 Rb7 33. Nxf6+ gxf6 34. Bxh6 Kh7 35. Be3 Kg6 36. g3 Kf5 37. Kg2 Ke4 38. h4 f5 39. h5 Kd5 40. h6 Kc4 41. Rc1+ Kb4 42. Rc8 1-0


[Site "https://www.chess.com"]

[Event "Titled Tuesday Blitz June 13 Early 2023"]
[White "Simonovic, Miroslav"]
[Black "Mostbauer, Florian"]
[WhiteFideId "919152"]
[BlackFideId "1626671"]
[WhiteElo "2075"]
[BlackElo "2234"]
[Result "1/2-1/2"]
[Round "2"]
[TimeControl "180+2"]
[Date "2023.06.13"]
[WhiteClock "0:00:29"]
[BlackClock "0:00:14"]
[Board "187"]

1. d4 d5 2. Bg5 Nd7 3. e3 Ngf6 4. c4 e6 5. Nc3 Bb4 6. Bd3 h6 7. Bh4 c5 8. Ne2 cxd4 9. exd4 dxc4 10. Bxc4 O-O 11. O-O Nb6 12. Bb3 Bd7 13. a3 Be7 14. Rc1 Bc6 15. Bg3 Rc8 16. Qd2 Ne4 17. Nxe4 Bxe4 18. Rxc8 Nxc8 19. Nc3 Bc6 20. d5 exd5 21. Bxd5 Nb6 22. Rd1 Nxd5 23. Nxd5 Bg5 24. Bf4 Bxd5 25. Bxg5 hxg5 26. Qxd5 Qe7 27. h3 Re8 28. Rd2 a6 29. Qd7 b5 30. Qxe7 Rxe7 31. b4 Re1+ 32. Kh2 Ra1 33. Rd3 Ra2 34. Kg3 f6 35. Kf3 Kf7 36. Rc3 Kg6 37. g4 Kf7 38. Kg3 Rb2 39. f3 Ra2 40. h4 gxh4+ 41. Kxh4 g5+ 42. Kg3 Kg6 43. Rd3 1/2-1/2


[Site "https://www.chess.com"]

[Event "Titled Tuesday Blitz June 13 Early 2023"]
[White "feuervogel1000000"]
[Black "Bolanos, Fernando"]
[BlackFideId "3304094"]
[WhiteElo "2501"]
[BlackElo "2097"]
[Result "1-0"]
[Round "2"]
[TimeControl "180+2"]
[Date "2023.06.13"]
[WhiteClock "0:01:22"]
[BlackClock "0:00:00"]
[Board "188"]

1. e4 c5 2. Nf3 Nc6 3. d4 cxd4 4. Nxd4 Nf6 5. Nc3 d6 6. Bg5 e6 7. Qd2 a6 8. O-O-O Bd7 9. f4 Be7 10. Nf3 b5 11. Kb1 b4 12. Bxf6 gxf6 13. Ne2 h5 14. f5 e5 15. g3 a5 16. Nh4 Qb6 17. Ng2 a4 18. Ne3 Na5 19. Nd5 Qc5 20. Nc1 b3 21. cxb3 axb3 22. a3 Bc6 23. Nd3 Qd4 24. Nf2 Bxd5 25. Qxd4 exd4 26. exd5 h4 27. Bb5+ Kf8 28. Rxd4 hxg3 29. hxg3 Rxh1+ 30. Nxh1 Kg7 31. Re4 Rh8 32. Nf2 Bd8 33. Rg4+ Kf8 34. Rh4 Rg8 35. g4 Nb7 36. Ne4 Ke7 37. Kc1 Bb6 38. Kd2 Bd4 39. Ba4 Bxb2 40. Bxb3 Bxa3 41. Ke3 Nc5 42. Nxc5 Bxc5+ 43. Kf4 Rb8 44. Bc2 Rb2 45. Rh2 Bd4 46. Re2+ Be5+ 47. Ke4 Rb4+ 48. Kf3 Rf4+ 49. Kg3 Re4+ 50. Kf3 Rf4+ 51. Kg3 Rxf5+ 52. Kg2 Rf4 53. Bf5 Rd4 54. Be4 f5 55. gxf5 Kf6 56. Kf3 Rb4 57. Re3 Bd4 58. Rd3 Ke5 59. Rd1 Rb3+ 60. Rd3 Rb1 61. Rd2 Rf1+ 62. Kg2 Rg1+ 63. Kf3 Rf1+ 64. Kg2 Re1 65. Bc2 Kxd5 66. Bb3+ Ke4 67. Bxf7 Rg1+ 68. Kh3 Be5 69. f6 Rg3+ 70. Kh4 Rg1 71. Bd5+ Kf5 72. Rf2+ Kg6 73. f7 Bg3+ 74. Kh3 1-0


[Site "https://www.chess.com"]

[Event "Titled Tuesday Blitz June 13 Early 2023"]
[White "Aarav Dengla"]
[Black "Balint, Vilmos"]
[WhiteFideId "45059756"]
[BlackFideId "718050"]
[WhiteElo "2288"]
[BlackElo "2034"]
[Result "1-0"]
[Round "2"]
[TimeControl "180+2"]
[Date "2023.06.13"]
[WhiteClock "0:02:17"]
[BlackClock "0:01:44"]
[Board "189"]

1. e4 e6 2. d3 d5 3. Nd2 c5 4. g3 Nc6 5. Bg2 b5 6. Ngf3 Bb7 7. O-O Nf6 8. c3 Be7 9. Qc2 Qc7 10. Re1 b4 11. Nb3 bxc3 12. bxc3 O-O 13. Be3 dxe4 14. dxe4 c4 15. Nbd2 Rac8 16. Rab1 Ba6 17. Qa4 Qa5 18. Qxa5 Nxa5 19. Bxa7 Rfd8 20. Bb6 Nc6 21. Bxd8 Bxd8 22. Bf1 Ba5 23. Bxc4 Bxc4 24. Nxc4 Bxc3 25. Rec1 Nxe4 26. Nd6 Nxd6 27. Rxc3 Kf8 28. Rbc1 1-0


[Site "https://www.chess.com"]

[Event "Titled Tuesday Blitz June 13 Early 2023"]
[White "Bashkansky, Ethan"]
[Black "Mika, Tomasz"]
[WhiteFideId "2071533"]
[BlackFideId "1132970"]
[WhiteElo "2298"]
[BlackElo "2186"]
[Result "1-0"]
[Round "2"]
[TimeControl "180+2"]
[Date "2023.06.13"]
[WhiteClock "0:00:05"]
[BlackClock "0:00:00"]
[Board "190"]

1. d4 Nf6 2. c4 e6 3. Nc3 Bb4 4. Qc2 d5 5. cxd5 exd5 6. Bg5 h6 7. Bxf6 Qxf6 8. a3 Bxc3+ 9. Qxc3 c6 10. e3 Bf5 11. Nf3 Nd7 12. Bd3 O-O 13. O-O Be4 14. Bxe4 dxe4 15. Nd2 Rfe8 16. b4 Nb6 17. Qc2 Qg6 18. f3 exf3 19. Qxg6 fxg6 20. Rxf3 Rad8 21. Kf2 Nd5 22. Nc4 g5 23. h3 Nc3 24. Ne5 Ne4+ 25. Ke2 Rd5 26. Raf1 a5 27. Rf7 Ng3+ 28. Ke1 Nxf1 29. Rxf1 axb4 30. axb4 Ra8 31. Ke2 Ra2+ 32. Kf3 Rd8 33. Rb1 Rf8+ 34. Ke4 Rxg2 35. b5 Rc8 36. bxc6 bxc6 37. Rc1 Rg3 38. Nxc6 Kh7 39. d5 Rxh3 40. d6 Rh4+ 41. Ke5 Re8+ 42. Ne7 Rd8 43. Rc8 Rd7 44. Rc7 Rd8 45. d7 Ra4 46. Nc6 1-0


[Site "https://www.chess.com"]

[Event "Titled Tuesday Blitz June 13 Early 2023"]
[White "Ai, Evan"]
[Black "Zhukov, Maksim"]
[WhiteFideId "2094770"]
[BlackFideId "34181790"]
[WhiteElo "1963"]
[BlackElo "1925"]
[Result "1-0"]
[Round "2"]
[TimeControl "180+2"]
[Date "2023.06.13"]
[WhiteClock "0:00:06"]
[BlackClock "0:00:06"]
[Board "191"]

1. e4 e6 2. d4 d5 3. Nd2 Nf6 4. e5 Nfd7 5. Bd3 c5 6. c3 Nc6 7. Ne2 Be7 8. O-O b6 9. f4 g6 10. Nf3 Bb7 11. a4 Qc7 12. Bd2 O-O-O 13. b4 c4 14. Bc2 Rdf8 15. a5 b5 16. g4 h5 17. h3 hxg4 18. hxg4 Rh3 19. Kg2 Rfh8 20. Neg1 R3h7 21. Qe1 Qd8 22. Qg3 Bh4 23. Nxh4 Qxh4 24. Nf3 Qxg3+ 25. Kxg3 Ne7 26. Kg2 Kd8 27. Rh1 Ke8 28. Rxh7 Rxh7 29. Ng5 Rh8 30. Rf1 a6 31. f5 gxf5 32. gxf5 Rg8 33. f6 Ng6 34. Kf2 Rh8 35. Bxg6 fxg6 36. Nxe6 Nf8 37. Ng5 Bc8 38. Kg2 Ne6 39. f7+ Kf8 40. Nxe6+ Bxe6 41. Rf6 Bh3+ 42. Kg3 Bf5 43. Rxa6 Rh3+ 44. Kg2 Rd3 45. Rf6 Rxd2+ 46. Kg3 Rd3+ 47. Kf4 Rxc3 48. Kg5 Rg3+ 49. Kf4 Rg4+ 50. Kf3 Rxd4 51. a6 Rd3+ 52. Kf4 Ra3 53. Kg5 c3 54. Rc6 d4 55. Kf6 c2 56. e6 Bxe6 57. Kxe6 Kg7 58. Ke7 Rxa6 59. f8=Q+ Kh7 60. Qf7+ Kh6 61. Qxg6# 1-0


[Site "https://www.chess.com"]

[Event "Titled Tuesday Blitz June 13 Early 2023"]
[White "Kubicka, Anna"]
[Black "Marchesich, Giovanni"]
[WhiteFideId "1152254"]
[BlackFideId "2824790"]
[WhiteElo "2144"]
[BlackElo "2213"]
[Result "1/2-1/2"]
[Round "2"]
[TimeControl "180+2"]
[Date "2023.06.13"]
[WhiteClock "0:00:20"]
[BlackClock "0:00:09"]
[Board "192"]

1. e4 e5 2. Nf3 d5 3. exd5 e4 4. Qe2 Nf6 5. Nc3 Bc5 6. d4 Bb4 7. Bg5 O-O 8. Nd2 h6 9. Bxf6 Qxf6 10. Ndxe4 Qxd4 11. Rd1 Qe5 12. Rd3 Bf5 13. f3 Re8 14. Re3 Nd7 15. Qc4 Bxc3+ 16. Qxc3 Qxd5 17. Bc4 Qc6 18. O-O Ne5 19. Ng3 Nxc4 20. Rxe8+ Rxe8 21. Nxf5 Qc5+ 22. Kh1 Qxf5 23. Qxc4 Qe5 24. h3 Qe2 25. Qxe2 Rxe2 26. Rc1 f5 27. Kg1 f4 28. Kf1 Rd2 29. a4 a5 30. b3 Kf7 31. c4 Rb2 32. Rc3 Ke6 33. Rd3 c6 34. Kg1 Kf5 35. h4 Kg6 36. Kh2 Kh5 37. Kh3 Rb1 38. Kh2 Kxh4 39. Rd7 Rxb3 40. Rxg7 Kh5 41. Kh3 Rb4 42. g3 fxg3 43. Kxg3 Rxc4 44. Rxb7 Kg6 45. Rb6 Kf5 46. Ra6 Rxa4 47. Rxc6 h5 48. Rc5+ Kg6 49. Rc6+ Kf5 50. Rc5+ Kg6 51. Rc6+ Kg7 52. Rc7+ Kf6 53. Rc6+ Ke7 54. Rc5 h4+ 55. Kh3 Rf4 56. Rxa5 Rxf3+ 57. Kxh4 Rf6 58. Re5+ Re6 59. Rxe6+ Kxe6 1/2-1/2


[Site "https://www.chess.com"]

[Event "Titled Tuesday Blitz June 13 Early 2023"]
[White "Yelisieiev, Yevhenii"]
[Black "Vasques, Antonio Pedro Freixial"]
[WhiteFideId "14139642"]
[BlackFideId "1908332"]
[WhiteElo "2403"]
[BlackElo "2212"]
[Result "1-0"]
[Round "2"]
[TimeControl "180+2"]
[Date "2023.06.13"]
[WhiteClock "0:00:11"]
[BlackClock "0:00:09"]
[Board "194"]

1. d4 Nf6 2. Nf3 g6 3. g3 Bg7 4. Bg2 O-O 5. O-O d5 6. c3 c5 7. dxc5 Na6 8. b4 Ne4 9. Nd4 e5 10. Nb3 Bf5 11. Bb2 Rc8 12. N1d2 b6 13. Nxe4 Bxe4 14. Bxe4 dxe4 15. Qxd8 Rfxd8 16. cxb6 axb6 17. e3 Nc7 18. Rac1 Rd3 19. Rc2 h5 20. Nd2 f5 21. Nc4 Nd5 22. Nd6 Rc6 23. Nb5 Nxb4 24. Rcc1 Nd5 25. c4 Nc7 26. a4 h4 27. Kg2 Ne6 28. Rc2 Ng5 29. gxh4 Nf3 30. Ra1 Nxh4+ 31. Kh3 Nf3 32. a5 bxa5 33. Rxa5 Rc8 34. Ra7 Bf6 35. Nc7 Kf7 36. Nd5+ Ke6 37. Ra6+ Kd7 38. Nxf6+ Kc7 39. Nd5+ Kb7 40. Rb6+ Ka7 41. Rxg6 Rxd5 42. Bd4+ exd4 43. Ra2+ Kb7 44. cxd5 Rh8+ 45. Kg3 d3 46. Rb2+ Kc7 47. Rc6+ Kd7 48. Rb7+ Kd8 49. Ra6 Rg8+ 50. Kf4 Rg4+ 51. Kxf5 Nh4+ 52. Kxg4 Kc8 53. Rh7 1-0


[Site "https://www.chess.com"]

[Event "Titled Tuesday Blitz June 13 Early 2023"]
[White "Samaganova, Aleksandra"]
[Black "whiteglovethief"]
[WhiteFideId "13800221"]
[WhiteElo "1858"]
[BlackElo "2498"]
[Result "0-1"]
[Round "2"]
[TimeControl "180+2"]
[Date "2023.06.13"]
[WhiteClock "0:00:00"]
[BlackClock "0:00:16"]
[Board "195"]

1. c4 Nf6 2. Nc3 g6 3. g3 Bg7 4. Bg2 O-O 5. e3 e5 6. Nge2 c6 7. O-O d5 8. cxd5 cxd5 9. d4 Nc6 10. dxe5 Nxe5 11. h3 Be6 12. Nd4 Qd7 13. Kh2 Nc6 14. Nce2 Rad8 15. b3 Ne4 16. Bb2 h5 17. Nxe6 Qxe6 18. Bxg7 Kxg7 19. Nd4 Qe5 20. Nf3 Qf6 21. h4 Rfe8 22. Rc1 d4 23. exd4 Nxd4 24. Nxd4 Rxd4 25. Qe2 Rd2 26. Qe3 Rxf2 27. Qxa7 b6 28. Qb7 Qe5 29. Kg1 Qxg3 30. Rxf2 Qxf2+ 31. Kh1 Qxh4+ 32. Kg1 Qf2+ 33. Kh1 Qe3 34. Rd1 Nf2+ 35. Kh2 Nxd1 0-1


[Site "https://www.chess.com"]

[Event "Titled Tuesday Blitz June 13 Early 2023"]
[White "Antonio, Jorge Carlos"]
[Black "Mrithyunjay Mahadevan"]
[WhiteFideId "113190"]
[BlackFideId "45003521"]
[WhiteElo "2247"]
[BlackElo "1626"]
[Result "0-1"]
[Round "2"]
[TimeControl "180+2"]
[Date "2023.06.13"]
[WhiteClock "0:00:37"]
[BlackClock "0:01:23"]
[Board "196"]

1. d4 Nf6 2. Nf3 d5 3. Bf4 c5 4. e3 Nc6 5. c3 Qb6 6. b3 Nh5 7. Bg3 Bg4 8. Be2 Bxf3 9. Bxf3 Nxg3 10. hxg3 O-O-O 11. O-O Kb8 12. Nd2 e5 13. dxe5 Nxe5 14. Qc2 h5 15. Rfd1 h4 16. gxh4 Qf6 17. h5 Nxf3+ 18. Nxf3 Rxh5 19. c4 d4 20. exd4 cxd4 21. Qe4 d3 22. Rac1 Qh6 23. Kf1 Rh1+ 24. Ng1 Bd6 25. Qxd3 Rxg1+ 26. Kxg1 Bh2+ 27. Kf1 Rxd3 0-1


[Site "https://www.chess.com"]

[Event "Titled Tuesday Blitz June 13 Early 2023"]
[White "Hnydiuk, Aleksander"]
[Black "Al Mukhaini, Shima"]
[WhiteFideId "1109057"]
[BlackFideId "22005854"]
[WhiteElo "2374"]
[BlackElo "2272"]
[Result "1-0"]
[Round "2"]
[TimeControl "180+2"]
[Date "2023.06.13"]
[WhiteClock "0:01:09"]
[BlackClock "0:00:00"]
[Board "197"]

1. e4 g6 2. d4 Bg7 3. Nc3 b6 4. Nf3 Bb7 5. Be3 d6 6. Qd2 e6 7. h4 h6 8. O-O-O Ne7 9. d5 e5 10. Nh2 a6 11. Ng4 Ng8 12. f4 Nd7 13. h5 exf4 14. Bxf4 g5 15. Bg3 Qe7 16. Ne3 Be5 17. Nf5 Qf6 18. Be2 Bxg3 19. Nxg3 Qe7 20. Rhf1 O-O-O 21. Bg4 Kb8 22. Bxd7 Qxd7 23. Rf2 Qg4 24. Qd3 f6 25. Rdf1 Qd7 26. Nce2 Qe8 27. Nd4 Ka8 28. Ne6 Rd7 29. Qe2 Re7 30. Nf5 Rxe6 31. Ng7 Rxe4 32. Nxe8 Rxe2 33. Rxe2 Bxd5 34. Nxc7+ Kb7 35. Nxd5 1-0


[Site "https://www.chess.com"]

[Event "Titled Tuesday Blitz June 13 Early 2023"]
[White "Liu, Kelsey"]
[Black "kuanysh1981"]
[WhiteFideId "30944481"]
[WhiteElo "2265"]
[BlackElo "2494"]
[Result "0-1"]
[Round "2"]
[TimeControl "180+2"]
[Date "2023.06.13"]
[WhiteClock "0:02:21"]
[BlackClock "0:02:28"]
[Board "198"]

1. e4 c5 2. Nf3 e6 3. d4 cxd4 4. Nxd4 a6 5. Bd3 Qc7 6. Be3 Nf6 7. Nd2 d5 8. a4 Bd6 9. exd5 Nxd5 10. Qe2 Nc6 11. Nxc6 Qxc6 12. Nc4 Nxe3 13. Nxd6+ Qxd6 14. Qxe3 Qb4+ 15. Qd2 Qxb2 16. O-O O-O 17. Rfb1 Qf6 18. Rb4 Qxa1+ 0-1


[Site "https://www.chess.com"]

[Event "Titled Tuesday Blitz June 13 Early 2023"]
[White "Turzo, Attila"]
[Black "Bommini Mounika Akshaya"]
[WhiteFideId "704954"]
[BlackFideId "25019872"]
[WhiteElo "2493"]
[BlackElo "2087"]
[Result "0-1"]
[Round "2"]
[TimeControl "180+2"]
[Date "2023.06.13"]
[WhiteClock "0:00:00"]
[BlackClock "0:00:03"]
[Board "199"]

1. d4 Nf6 2. c4 c5 3. d5 g6 4. g3 Bg7 5. Bg2 O-O 6. Nf3 d6 7. Nc3 e5 8. O-O h6 9. e4 Nbd7 10. Ne1 a6 11. a4 Rb8 12. Nd3 Re8 13. Be3 g5 14. Bh3 Nf8 15. Bxc8 Qxc8 16. f3 Ng6 17. Rb1 g4 18. fxg4 Nxg4 19. Bd2 h5 20. Qf3 Qd7 21. Kg2 h4 22. Qf5 Rbd8 23. Qxd7 Rxd7 24. h3 Nf6 25. g4 Rf8 26. Bg5 Ne8 27. b4 cxb4 28. Rxb4 f6 29. Be3 Rc7 30. c5 Kh7 31. Rfb1 dxc5 32. Rxb7 Rxb7 33. Rxb7 Nd6 34. Nxc5 Nxb7 35. Nxb7 Rb8 36. Nc5 Rb2+ 37. Kg1 Rc2 38. d6 Bf8 39. d7 Be7 40. Nd5 Bd8 41. Ne6 Ba5 42. d8=Q Bxd8 43. Nxd8 Ra2 44. Nxf6+ Kg7 0-1


[Site "https://www.chess.com"]

[Event "Titled Tuesday Blitz June 13 Early 2023"]
[White "SicilianPanzer"]
[Black "Ginzburg, Yakov"]
[BlackFideId "4157176"]
[WhiteElo "2262"]
[BlackElo "2305"]
[Result "0-1"]
[Round "2"]
[TimeControl "180+2"]
[Date "2023.06.13"]
[WhiteClock "0:00:00"]
[BlackClock "0:00:12"]
[Board "200"]

1. d4 Nf6 2. c4 g6 3. Nc3 Bg7 4. e4 d6 5. h3 O-O 6. Be3 Nbd7 7. g4 c5 8. Nf3 Qa5 9. Qd2 cxd4 10. Nxd4 Nc5 11. Bg2 e5 12. Nc2 Be6 13. b4 Qa6 14. bxc5 Bxc4 15. f3 dxc5 16. Kf2 Rfd8 17. Qc1 Rac8 18. Rd1 Rxd1 19. Qxd1 b5 20. Bf1 b4 21. Nd5 Nxd5 22. exd5 e4 23. Rc1 Qxa2 24. Bxc4 Qxc4 25. d6 exf3 26. Qxf3 Rd8 27. Ne1 Qe6 28. Bxc5 b3 29. Nd3 b2 30. Rb1 Qa2 31. Qd1 a5 32. Qc2 Rb8 33. d7 a4 34. Nxb2 Bxb2 35. Rxb2 Qxb2 0-1


[Site "https://www.chess.com"]

[Event "Titled Tuesday Blitz June 13 Early 2023"]
[White "Yeritsyan, Hayk"]
[Black "Chakravarthi Reddy, M"]
[WhiteFideId "13307320"]
[BlackFideId "25009532"]
[WhiteElo "2490"]
[BlackElo "2201"]
[Result "1-0"]
[Round "2"]
[TimeControl "180+2"]
[Date "2023.06.13"]
[WhiteClock "0:01:31"]
[BlackClock "0:00:00"]
[Board "201"]

1. e4 e5 2. Nf3 Nc6 3. Bb5 a6 4. Ba4 Nf6 5. O-O b5 6. Bb3 Be7 7. c3 O-O 8. d4 Nxe4 9. Bd5 Nf6 10. Bxc6 dxc6 11. Nxe5 Bb7 12. Qf3 Nd5 13. Nd3 c5 14. dxc5 Rb8 15. Qg3 g6 16. Bh6 Re8 17. Nd2 c6 18. Rad1 Qc8 19. Ne4 Bf8 20. Bxf8 Rxf8 21. Ne5 Qc7 22. Rd4 f6 23. Ng4 Qxg3 24. Nxg3 f5 25. Ne3 Nxe3 26. fxe3 Rbe8 27. Kf2 Bc8 28. Rfd1 f4 29. Rxf4 Rxf4+ 30. exf4 Be6 31. Re1 Kf7 32. Ne4 1-0


[Site "https://www.chess.com"]

[Event "Titled Tuesday Blitz June 13 Early 2023"]
[White "agvania123"]
[Black "Hristodoulou, Panagiotis"]
[BlackFideId "4214340"]
[WhiteElo "2249"]
[BlackElo "2272"]
[Result "1-0"]
[Round "2"]
[TimeControl "180+2"]
[Date "2023.06.13"]
[WhiteClock "0:00:33"]
[BlackClock "0:00:36"]
[Board "202"]

1. c4 e6 2. d4 Nf6 3. Nc3 Bb4 4. e3 O-O 5. Bd3 d5 6. Ne2 b6 7. O-O Ba6 8. cxd5 exd5 9. a3 Bd6 10. Ng3 Bxd3 11. Qxd3 c6 12. b4 Nbd7 13. Bb2 Re8 14. Rac1 b5 15. Nb1 Rc8 16. Nd2 Nb6 17. Nf5 Nc4 18. Nxc4 bxc4 19. Qc2 Ne4 20. f3 Nf6 21. Rfe1 Bb8 22. e4 g6 23. Ne3 dxe4 24. fxe4 Rxe4 25. Nxc4 Rxe1+ 26. Rxe1 Nd5 27. Ne5 Bxe5 28. dxe5 Qb6+ 29. Kh1 c5 30. e6 fxe6 31. Qe4 c4 32. Bd4 Qd6 33. Bc5 Rxc5 34. bxc5 Qxc5 35. Qxe6+ Kg7 36. Qe5+ 1-0


[Site "https://www.chess.com"]

[Event "Titled Tuesday Blitz June 13 Early 2023"]
[White "Taboas Rodriguez, Daniel"]
[Black "Leschinsky, Gary"]
[WhiteFideId "2208466"]
[BlackFideId "30951321"]
[WhiteElo "2365"]
[BlackElo "2020"]
[Result "1-0"]
[Round "2"]
[TimeControl "180+2"]
[Date "2023.06.13"]
[WhiteClock "0:02:33"]
[BlackClock "0:01:50"]
[Board "203"]

1. d4 Nf6 2. Nf3 d5 3. c4 e6 4. Bg5 c6 5. Nc3 Be7 6. e3 O-O 7. Bd3 dxc4 8. Bxc4 b5 9. Bd3 Bb7 10. O-O b4 11. Bxf6 Bxf6 12. Ne4 Nd7 13. Rc1 Be7 14. Qc2 Rc8 15. Nc5 Bxc5 16. dxc5 Nxc5 17. Bxh7+ Kh8 18. Qxc5 Kxh7 19. Qh5+ Kg8 20. Ng5 Qd3 21. e4 Rfd8 22. Qxf7+ 1-0


[Site "https://www.chess.com"]

[Event "Titled Tuesday Blitz June 13 Early 2023"]
[White "Tuleyeva-Aketayeva, Dana"]
[Black "Kokoszczynski, Jan"]
[WhiteFideId "13701932"]
[BlackFideId "1174460"]
[WhiteElo "2030"]
[BlackElo "2139"]
[Result "1-0"]
[Round "2"]
[TimeControl "180+2"]
[Date "2023.06.13"]
[WhiteClock "0:00:11"]
[BlackClock "0:00:11"]
[Board "204"]

1. d4 Nf6 2. Nf3 g6 3. g3 Bg7 4. Bg2 O-O 5. O-O d6 6. Nc3 Nc6 7. e4 e5 8. dxe5 Nxe5 9. Nxe5 dxe5 10. Bg5 c6 11. Qxd8 Rxd8 12. Rfd1 Bg4 13. f3 Be6 14. f4 exf4 15. Rxd8+ Rxd8 16. e5 fxg3 17. hxg3 Bf5 18. exf6 Bf8 19. Ne4 h6 20. Bf4 g5 21. Bc7 Re8 22. Nd6 Bxd6 23. Bxd6 Bxc2 24. Bc5 b6 25. Bf2 c5 26. Re1 Rxe1+ 27. Bxe1 Kh7 28. Bc3 Kg6 29. Kf2 Kf5 30. Bd5 Kg6 31. Bc4 h5 32. a3 Bf5 33. Be5 h4 34. gxh4 gxh4 35. Kf3 Bd7 36. Bd3+ Kg5 37. Bb8 b5 38. Bxa7 c4 39. Be3+ Kxf6 40. Bf1 Ke5 41. Bf2 h3 42. Be3 f6 43. Bd2 Bf5 44. Bc3+ Ke6 45. Kg3 h2 46. Kxh2 Bd3 47. Bh3+ f5 48. Kg3 Kd5 49. Kf4 Kc5 50. Bxf5 b4 51. Bxd3 bxc3 52. bxc3 cxd3 53. Ke3 Kc4 54. Kd2 Kb3 55. Kxd3 Kxa3 56. Kd4 Ka4 57. c4 Ka5 58. Kd5 Kb6 59. Kd6 Kb7 60. c5 Kb8 61. Kc6 Kc8 62. Kb6 Kb8 63. c6 Kc8 64. c7 Kd7 65. Kb7 Kd6 66. c8=Q Ke5 67. Qc6 Kd4 68. Kb6 1-0


[Site "https://www.chess.com"]

[Event "Titled Tuesday Blitz June 13 Early 2023"]
[White "cristianserban1"]
[Black "Kiseleva, Arina"]
[BlackFideId "4164989"]
[WhiteElo "2488"]
[BlackElo "1701"]
[Result "1-0"]
[Round "2"]
[TimeControl "180+2"]
[Date "2023.06.13"]
[WhiteClock "0:00:58"]
[BlackClock "0:00:05"]
[Board "205"]

1. d4 Nf6 2. Bf4 e6 3. Nf3 c5 4. e3 d5 5. Nbd2 Bd6 6. Bg3 Nc6 7. c3 Qe7 8. Bd3 e5 9. dxc5 Bxc5 10. e4 dxe4 11. Nxe4 Nxe4 12. Bxe4 O-O 13. O-O f6 14. Qc2 g6 15. Rad1 Be6 16. Rfe1 Qg7 17. Bd5 Bxd5 18. Rxd5 b6 19. Red1 Rf7 20. b4 Bf8 21. Qb3 Kh8 22. Nd2 Re8 23. Ne4 f5 24. Ng5 Rfe7 25. Bh4 h6 26. Rd6 Rc8 27. Ne6 Rxe6 28. Qxe6 Bxd6 29. Bf6 Bf8 30. Bxg7+ Bxg7 31. Qxc8+ 1-0


[Site "https://www.chess.com"]

[Event "Titled Tuesday Blitz June 13 Early 2023"]
[White "Ronka, Erik"]
[Black "Mirzanurov, Bulat"]
[WhiteFideId "505080"]
[BlackFideId "4184521"]
[WhiteElo "2264"]
[BlackElo "2005"]
[Result "1-0"]
[Round "2"]
[TimeControl "180+2"]
[Date "2023.06.13"]
[WhiteClock "0:00:43"]
[BlackClock "0:00:10"]
[Board "206"]

1. d4 Nf6 2. c4 e6 3. Nc3 c5 4. d5 exd5 5. cxd5 d6 6. e4 g6 7. Nge2 Bg7 8. Ng3 O-O 9. Be2 a6 10. a4 Nbd7 11. O-O Re8 12. f3 Ne5 13. Bg5 h6 14. Be3 Qc7 15. Rc1 Bd7 16. b4 b6 17. b5 a5 18. Qd2 Kh7 19. h3 Bc8 20. f4 Ned7 21. Bf3 Bb7 22. Nh1 Re7 23. Nf2 Rae8 24. g4 Ng8 25. Rce1 Rf8 26. e5 Qb8 27. Nfe4 dxe5 28. d6 Re6 29. f5 gxf5 30. gxf5 Ree8 31. Qg2 Ngf6 32. Nxf6+ Nxf6 33. Bxb7 e4 34. Nxe4 Nxe4 35. Bxe4 Qxd6 36. f6+ 1-0


[Site "https://www.chess.com"]

[Event "Titled Tuesday Blitz June 13 Early 2023"]
[White "De Souza, Cristiano Gomes"]
[Black "Zaitsev, Alexander"]
[WhiteFideId "2151758"]
[BlackFideId "4164490"]
[WhiteElo "2068"]
[BlackElo "2373"]
[Result "0-1"]
[Round "2"]
[TimeControl "180+2"]
[Date "2023.06.13"]
[WhiteClock "0:02:10"]
[BlackClock "0:01:31"]
[Board "207"]

1. d4 Nf6 2. c4 e6 3. Nf3 Bb4+ 4. Bd2 c5 5. Bxb4 cxb4 6. g3 b6 7. Bg2 Bb7 8. O-O a5 9. a3 Na6 10. axb4 Nxb4 11. Nc3 O-O 12. b3 d6 13. Nb5 Qe7 14. Ne1 Bxg2 15. Kxg2 e5 16. d5 Ne4 17. Nd3 Nc5 18. Nxc5 bxc5 19. Qd2 f5 20. Ra4 f4 21. Qc3 e4 22. Nd4 cxd4 23. Qxd4 f3+ 24. exf3 exf3+ 25. Kh1 Qe2 0-1


[Site "https://www.chess.com"]

[Event "Titled Tuesday Blitz June 13 Early 2023"]
[White "rionelG"]
[Black "Palczert, Matyas"]
[BlackFideId "784958"]
[WhiteElo "2223"]
[BlackElo "2224"]
[Result "1-0"]
[Round "2"]
[TimeControl "180+2"]
[Date "2023.06.13"]
[WhiteClock "0:00:03"]
[BlackClock "0:00:03"]
[Board "208"]

1. e4 c5 2. g3 d5 3. exd5 Qxd5 4. Nf3 Nc6 5. Bg2 Bg4 6. O-O Qd7 7. d3 Nf6 8. Nbd2 e6 9. a4 Be7 10. Nc4 O-O 11. h3 Bh5 12. Bf4 Nd5 13. Bd2 Nd4 14. g4 Nxf3+ 15. Qxf3 Bg6 16. Rfe1 Bf6 17. Ne5 Bxe5 18. Rxe5 Rac8 19. h4 h6 20. h5 Bh7 21. g5 hxg5 22. Rxg5 f6 23. Rg3 Kh8 24. a5 c4 25. dxc4 Rxc4 26. c3 Qc7 27. Qe2 Nf4 28. Bxf4 Rxf4 29. Qxe6 Qc5 30. Qe3 Qd6 31. Re1 Rh4 32. Qe7 Qxe7 33. Rxe7 Rd8 34. Bf3 Rg8 35. Bd5 Rd8 36. Rgxg7 Bf5 37. c4 Rxh5 38. Rxb7 Re8 39. Rbe7 Rb8 40. Rxa7 Bh7 41. Rgb7 Re8 42. Re7 Rb8 43. a6 Rg5+ 44. Kh2 Bf5 45. Rab7 Rd8 46. a7 Rh5+ 47. Kg3 Rg5+ 48. Kf4 Bb1 49. Rb8 Rf5+ 50. Ke3 Re5+ 51. Kd4 Rxe7 52. Rxd8+ Kg7 53. a8=Q Kh6 54. Rg8 Re4+ 55. Bxe4 f5 56. Ke3 f4+ 57. Kxf4 Bxe4 58. Qb7 Kh5 59. Qxe4 Kh4 60. Qh1# 1-0


[Site "https://www.chess.com"]